AoeStats
← Juanfreelance

Arabia

509495670Analyzed
2v2 RM · 5d ago on Sep 27, 2026· 51m 35s· 4 players
Game mode
Random Map
Map size
Medium (4 player)
Population
200
Speed
Normal
Resources
Standard
Victory
Conquest
Starting age
Dark Age
Ending age
Imperial Age
RankedLock teamsTeams togetherTeam positionsShared explorationLock speedFull tech treeHidden civsTurbo modeCheats
Victory
Defeat
🇲🇽 Vietnamese · Mexico
1374
+14
🇨🇱 Franks · Chile
1316
+17
🇵🇦 Persians · Panama
1343
-16
🇨🇦 Danes · Canada
1332
-20
Nyuszi
2:33 Loom
11:57 Feudal Age
12:56 Double-Bit Axe
17:08 Horse Collar
20:45 Castle Age
18:44 Gold Mining
20:07 Bloodlines
20:27 Scale Barding Armor
21:45 Chain Barding Armor
23:52 Husbandry
24:51 Husbandry
25:03 Forging
26:44 Pikeman
29:46 Stone Mining
30:11 Scale Mail Armor
31:17 Chain Mail Armor
31:29 Bow Saw
32:44 Wheelbarrow
32:22 Heavy Plow
33:30 Squires
36:18 Iron Casting
36:54 Fletching
38:31 Town Watch
39:36 Arson
43:42 Hand Cart
46:01 Gold Shaft Mining
46:16 Stone Shaft Mining
49:41 Imperial Age
46:42 Light Cavalry
48:36 Ballistics
48:27 Masonry
48:05 Hamask
49:17 Padded Archer Armor
49:12 Bodkin Arrow
49:16 Elite Skirmisher
50:43 Leather Archer Armor
50:58 Plate Mail Armor
51:35 Chemistry
51:09 Conscription
51:25 Hoardings
50:16 Halberdier
52:38 Blast Furnace
52:08 Ring Archer Armor
Juanfreelance
7:24 Loom
9:58 Feudal Age
10:44 Double-Bit Axe
11:08 Gold Mining
19:27 Fletching
28:43 Castle Age
27:19 Padded Archer Armor
28:34 Crossbowman
29:34 Bodkin Arrow
luislm6621
5:05 Loom
9:43 Feudal Age
10:50 Town Watch
10:52 Double-Bit Axe
14:46 Fletching
17:56 Wheelbarrow
21:50 Castle Age
20:12 Horse Collar
21:05 Padded Archer Armor
22:35 Bodkin Arrow
23:42 Husbandry
23:36 Gold Mining
25:53 Leather Archer Armor
26:24 Bow Saw
27:45 Bloodlines
29:12 Ballistics
29:56 Heavy Plow
34:41 Imperial Age
36:28 Chemistry
35:52 Thumb Ring
37:19 Bracer
40:57 Heavy Cavalry Archer
42:23 Elite Skirmisher
44:57 Two-Man Saw
44:46 Hand Cart
44:31 Town Patrol
50:55 Light Cavalry
51:42 Scale Barding Armor
51:47 Forging
andresgonzalez24
6:45 Loom
9:04 Feudal Age
9:42 Double-Bit Axe
19:27 Castle Age
18:48 Forging
18:40 Gold Mining
19:26 Scale Barding Armor
21:28 Iron Casting
22:03 Bow Saw
25:00 Husbandry
29:12 Wheelbarrow
28:23 Town Watch
30:11 Chain Barding Armor
31:36 Fletching
32:41 Stone Mining
34:18 Bodkin Arrow
43:25 Imperial Age
46:39 Cavalier
Connection lost

Rejoining the realm…

Still unreachable

The connection could not be restored.

Session expired

The server has moved on; the page needs a fresh start.